Map: Nightscape LE

Players

Massa - Winner!

  • Race: Terran Terran
  • League: Platinum
  • Spawn Location: 7:00

qqq - Winner!

  • Race: Protoss Protoss
  • League: Platinum
  • Spawn Location: 7:00

catnip

  • Race: Zerg Zerg
  • Spawn Location: 1:00

XxFETTESAUxX

  • Race: Terran Terran
  • League: Diamond
  • Spawn Location: 1:00

VOD

Have the link to the VOD?

Description

Time

  • Played on: Jan. 4, 2021, 2:56 p.m.
  • Length: 21:34
Show
View Real Time Build Order
Export as new Build Order

Massa Terran - Winner!

Build Orders: 2 Factory 

Get SALT Encoding   

  12  0:00  SCV  
  13  0:12  SCV  
  14  0:19  Supply Depot  
  14  0:24  SCV  
  15  0:40  SCV  
  15  0:42  Barracks  
  16  0:49  Refinery  
  16  0:52  SCV  
  16  0:55  Refinery  
  17  1:05  SCV  
  18  1:17  SCV  
  19  1:29  Orbital Command  
  19  1:33  Supply Depot  
  19  1:36  Supply Depot  
  19  1:44  Marine  
  20  1:55  Factory  
  20  2:05  Supply Depot  
  20  2:16  SCV  
  21  2:29  Barracks Tech Lab  
  20  2:46  Factory Reactor  
  20  2:47  Factory  
  20  2:49  Marauder  
  20  2:51  Stimpack  
  22  2:56  SCV  
  23  3:02  Starport  
  23  3:12  Marauder  
  29  3:29  Widow Mine x2  
  29  3:31  Factory Tech Lab  
  29  3:36  SCV  
  29  3:40  Starport, Starport Tech Lab  
  30  3:50  Widow Mine  
  30  3:51  Widow Mine  
  34  4:01  Banshee  
  37  4:25  Siege Tank  
  40  4:31  SCV  
  40  4:35  Marine  
  40  4:36  Command Center  
  42  4:43  SCV  
  43  4:48  Starport Reactor  
  43  4:53  Marauder  
  43  4:54  Cloaking Field  
  43  4:56  SCV  
  46  5:08  SCV  
  45  5:20  SCV  
  46  5:28  Command Center  
  46  5:32  SCV  
  44  6:06  Marine  
  44  6:09  Siege Tank  
  44  6:10  Widow Mine  
  50  6:13  Banshee  
  53  6:24  Marine  
  53  6:32  SCV  
  55  6:33  Orbital Command  
  54  6:41  Marine  
  54  6:42  Siege Tank  
  54  6:43  Combat Shield  
  54  6:44  SCV  
  59  6:58  Engineering Bay  
  59  6:59  Marine  
  59  7:01  Barracks x2  
  60  7:02  Banshee  
  60  7:06  Viking  
  65  7:17  SCV x2, Marine  
  65  7:22  Orbital Command  
  68  7:29  SCV x2  
  70  7:32  Terran Infantry Weapons Level 1  
  70  7:35  Marine, Missile Turret  
  71  7:39  Missile Turret  
  71  7:41  SCV  
  71  7:42  SCV  
  73  7:49  SCV, Barracks  
  74  7:53  SCV, Marauder  
  74  7:55  Barracks Tech Lab  
  74  7:57  Barracks Reactor  
  77  8:01  Supply Depot  
  77  8:03  Supply Depot  
  77  8:23  SCV x2  
  74  8:28  Orbital Command  
  63  8:57  SCV x3  
  66  9:02  Missile Turret  
  66  9:07  Viking x2  
  66  9:09  SCV x3  
  73  9:15  Sensor Tower  
  73  9:18  Refinery  
  73  9:19  Barracks Tech Lab  
  73  9:20  Refinery  
  73  9:21  SCV x3, Marauder x2, Marine x2  
  73  9:23  Siege Tank  
  85  9:33  SCV  
  84  9:39  Marine x2  
  84  9:42  Marauder x2  
  90  9:57  Marine x2  
  92  10:03  Refinery  
  92  10:04  Refinery  
  92  10:05  SCV  
  93  10:17  Supply Depot  
  93  10:18  Supply Depot  
  93  10:20  Supply Depot  
  93  10:21  Armory, Supply Depot  
  93  10:25  Engineering Bay  
  93  10:39  SCV x3, Marauder x3, Marine x2  
  104  10:44  Supply Depot x2  
  104  10:50  Supply Depot  
  104  10:51  SCV  
  104  10:56  Medivac  
  104  10:57  Marine x2, Medivac x2  
  109  11:00  Marine x2  
  109  11:01  Marauder  
  90  11:14  Marine x2, Siege Tank  
  90  11:15  Widow Mine  
  90  11:18  Marine x2  
  84  11:21  Marine  
  85  11:26  Medivac x2  
  85  11:27  Medivac  
  85  11:32  Marine x2  
  91  11:33  Concussive Shells  
  91  11:36  Marine x2  
  91  11:39  Marine  
  96  11:46  Siege Tank  
  99  11:50  Marine x2  
  99  11:53  Marine x2  
  103  11:56  Viking  
  103  11:58  Marauder  
  107  12:02  Widow Mine x2  
  107  12:08  Marine x2  
  111  12:11  Marine  
  111  12:12  Marauder  
  109  12:18  Marine, Siege Tank  
  113  12:24  Widow Mine  
  113  12:26  Marine x2  
  113  12:29  Marine  
  118  12:33  Marine  
  118  12:36  Marine  
  120  12:42  Missile Turret  
  120  12:43  Missile Turret x2  
  120  12:44  SCV, Marine x2  
  123  12:45  SCV, Missile Turret  
  123  12:46  Missile Turret  
  123  12:47  Marine  
  123  12:50  Marine, Siege Tank  
  129  12:53  Drilling Claws  
  129  12:54  Marine  
  130  13:01  Marine x2  
  130  13:05  Marine  
  133  13:08  Marine  
  133  13:12  Marine  
  135  13:19  Marine x2  
  137  13:22  Marine, Siege Tank  
  137  13:26  Marine  
  142  13:30  Marine  
  143  13:37  Command Center  
  143  13:39  Sensor Tower  
  143  13:41  SCV x2  
  145  13:42  SCV  
  146  13:53  SCV x2  
  146  13:54  SCV  
  148  14:00  Siege Tank  
  149  14:19  SCV  
  149  14:32  Missile Turret  
  149  14:41  Missile Turret  
  149  14:42  Missile Turret  
  149  14:45  Missile Turret  
  149  14:49  SCV  
  149  14:52  Missile Turret  
  150  15:02  Missile Turret  
  150  15:04  Missile Turret  
  150  15:12  Missile Turret  
  107  15:32  Siege Tank  
  107  15:33  Widow Mine x2, Missile Turret  
  86  15:46  Marauder, Marine  
  86  15:47  Marauder x2, Marine  
  94  15:50  Medivac x3  
  94  15:52  Planetary Fortress  
  94  15:54  Widow Mine x2, Missile Turret  
  101  15:57  SCV  
  101  15:58  SCV  
  103  16:04  Marine, Siege Tank  
  103  16:05  Marine  
  103  16:08  Marauder x3  
  114  16:13  Missile Turret  
  113  16:20  Medivac x2  
  113  16:22  Marine  
  113  16:23  Marine  
  108  16:29  Marauder x3  
  105  16:33  Missile Turret  
  105  16:36  Medivac, Siege Tank  
  109  16:40  Marine x2  
  111  16:50  Marauder, Marine, Medivac  
  111  16:51  Widow Mine x2, Marauder  
  122  16:58  Marine x2  
  124  17:08  Marine, Siege Tank  
  120  17:12  Widow Mine x2, Marauder, Marine  
  131  17:15  Marine  
  131  17:16  Marine  
  133  17:26  Marauder  
  133  17:27  Refinery x2  
  135  17:30  Marauder  
  135  17:33  Widow Mine, Marauder  
  135  17:34  Widow Mine  
  143  17:39  Command Center  
  143  17:40  Siege Tank  
  143  17:43  Missile Turret  
  146  17:47  Missile Turret  
  146  17:48  Marauder  
  146  17:49  Marine x2  
  150  17:51  Marauder  
  150  17:54  Marauder, Sensor Tower  
  150  17:58  Barracks  
  154  17:59  Barracks  
  154  18:04  Missile Turret  
  154  18:06  Marine  
  154  18:09  Marauder, Missile Turret  
  157  18:13  Marauder, Missile Turret  
  157  18:16  Marauder  
  161  18:26  Missile Turret  
  158  18:32  Missile Turret  
  158  18:33  Missile Turret  
  124  18:36  Marauder  
  124  18:37  Marauder x2, Marine x2  
  128  18:43  Widow Mine, Siege Tank  
  128  18:44  Widow Mine  
  128  18:47  Missile Turret  
  135  18:55  Marine x2  
  136  18:58  Marauder x2  
  136  18:59  Marauder  
  143  19:05  Barracks Reactor, Barracks Tech Lab, Widow Mine x2  
  147  19:12  Marine  
  147  19:13  Marine  
  151  19:19  Marauder  
  151  19:20  Marauder  
  127  19:39  Marauder, Marine  
  127  19:40  Marine x2  
  127  19:41  Marauder x2  
  129  19:49  Marine  
  131  19:52  Widow Mine  
  131  19:53  Widow Mine  
  131  19:57  Marine x2  
  131  19:58  Marine  
  130  20:01  Marauder  
  130  20:02  Marauder x2  
  136  20:07  Marine  
  136  20:08  Planetary Fortress  
  136  20:14  Widow Mine x2  
  141  20:15  Marine x2  
  141  20:16  Marine  
  141  20:18  Factory  
  144  20:22  Barracks, Marauder  
  144  20:23  Marauder  
  144  20:24  Marauder  
  144  20:25  Marine  
  149  20:33  Marine x2  
  149  20:34  Marine  
  149  20:35  Widow Mine x2  
  154  20:42  Marine  
  152  20:43  Marauder  
  152  20:44  Marine  
  152  20:45  Marauder  
  158  21:02  Marine  
Show
View Real Time Build Order
Export as new Build Order

qqq Protoss - Winner!

Build Orders: Cannon Rush, Carriers 

Get SALT Encoding   

  12  0:01  Probe  
  13  0:13  Probe  
  14  0:20  Pylon  
  14  0:25  Probe  
  15  0:39  Forge  
  15  0:51  Probe  
  16  0:59  Pylon  
  16  1:03  Probe  
  17  1:21  Photon Cannon  
  17  1:23  Photon Cannon  
  17  1:27  Photon Cannon  
  16  1:40  Pylon  
  16  1:47  Pylon  
  16  2:00  Photon Cannon  
  16  2:06  Probe  
  17  2:17  Gateway, Photon Cannon  
  17  2:44  Nexus  
  17  2:50  Probe  
  18  2:56  Pylon  
  18  3:02  Probe  
  19  3:08  Assimilator  
  19  3:14  Probe, Assimilator  
  20  3:22  Gateway  
  20  3:26  Cybernetics Core  
  20  3:31  Probe  
  21  3:43  Probe (Chrono Boost)  
  22  3:53  Probe (Chrono Boost)  
  23  3:58  Probe (Chrono Boost)  
  24  4:09  Probe  
  25  4:20  Stargate  
  25  4:21  Probe (Chrono Boost)  
  27  4:27  Probe (Chrono Boost)  
  27  4:31  Stargate  
  28  4:32  Probe (Chrono Boost)  
  28  4:36  Probe (Chrono Boost)  
  30  4:40  Probe (Chrono Boost)  
  30  4:43  Probe (Chrono Boost)  
  30  4:45  Probe (Chrono Boost)  
  31  4:48  Probe  
  33  4:53  Assimilator  
  33  4:54  Probe  
  33  4:57  Assimilator  
  34  5:00  Probe  
  34  5:06  Probe  
  36  5:08  Fleet Beacon  
  36  5:10  Pylon  
  36  5:15  Probe  
  36  5:18  Probe  
  38  5:27  Probe  
  39  5:30  Probe  
  39  5:32  Void Ray (Chrono Boost)  
  40  5:39  Probe, Void Ray (Chrono Boost)  
  40  5:42  Probe  
  50  5:50  Photon Cannon  
  50  5:52  Probe  
  50  6:51  Nexus  
  50  6:54  Pylon  
  50  6:57  Pylon  
  50  6:58  Pylon  
  49  7:01  Pylon  
  49  7:05  Assimilator  
  49  7:20  Nexus  
  49  7:23  Pylon  
  49  7:27  Pylon  
  55  7:40  Carrier (Chrono Boost)  
  55  7:47  Pylon  
  55  8:01  Carrier (Chrono Boost)  
  61  8:09  Protoss Air Weapons Level 1  
  57  8:13  Probe  
  54  8:25  Probe  
  55  8:37  Probe  
  55  8:38  Probe  
  55  8:39  Carrier (Chrono Boost)  
  62  8:50  Probe x2  
  64  8:56  Photon Cannon  
  64  8:59  Photon Cannon  
  64  9:02  Probe (Chrono Boost), Carrier  
  71  9:13  Probe (Chrono Boost)  
  72  9:18  Probe (Chrono Boost)  
  73  9:25  Robotics Facility  
  73  9:28  Probe, Photon Cannon  
  71  9:40  Probe  
  71  9:42  Carrier  
  76  9:54  Probe (Chrono Boost)  
  77  10:04  Probe (Chrono Boost)  
  77  10:06  Carrier  
  84  10:09  Probe (Chrono Boost)  
  85  10:17  Protoss Air Armor Level 1  
  85  10:19  Nexus  
  85  10:20  Probe  
  86  10:22  Pylon  
  86  10:26  Pylon  
  86  10:33  Probe  
  87  10:39  Observer  
  88  10:45  Probe  
  88  10:46  Carrier  
  95  10:57  Probe  
  95  11:01  Observer  
  85  11:09  Probe  
  80  11:16  Carrier  
  86  11:21  Probe  
  86  11:24  Assimilator  
  87  11:28  Photon Cannon  
  87  11:29  Assimilator  
  87  11:31  Photon Cannon  
  87  11:32  Photon Cannon  
  87  11:33  Probe  
  87  11:34  Photon Cannon  
  87  11:35  Shield Battery  
  88  11:45  Probe  
  89  11:51  Carrier  
  89  11:53  Probe  
  96  11:57  Probe  
  98  12:01  Observer  
  98  12:05  Probe  
  99  12:09  Probe  
  98  12:17  Probe  
  98  12:21  Probe  
  94  12:23  Observer  
  94  12:29  Probe  
  95  12:30  Phoenix  
  95  12:34  Probe  
  95  12:35  Probe  
  99  12:38  Pylon  
  99  12:41  Probe, Pylon  
  100  12:46  Probe  
  100  12:48  Probe  
  102  12:53  Probe (Chrono Boost)  
  102  12:55  Carrier, Phoenix, Stargate  
  112  13:00  Probe (Chrono Boost), Stargate  
  112  13:02  Photon Cannon, Pylon  
  112  13:03  Probe (Chrono Boost)  
  112  13:05  Probe (Chrono Boost)  
  114  13:07  Pylon  
  116  13:14  Probe x2 (Chrono Boost)  
  116  13:15  Probe (Chrono Boost)  
  116  13:19  Probe  
  117  13:22  Probe  
  117  13:24  Probe  
  120  13:31  Probe, Protoss Air Armor Level 2 (Chrono Boost)  
  120  13:33  Pylon  
  121  13:34  Probe  
  122  13:42  Photon Cannon  
  122  13:44  Photon Cannon  
  122  13:46  Probe  
  122  13:47  Photon Cannon  
  123  13:50  Carrier  
  129  13:59  Phoenix  
  129  14:01  Anion Pulse-Crystals  
  127  14:24  Phoenix  
  127  14:27  Phoenix x2  
  133  14:37  Mothership (Chrono Boost)  
  133  14:45  Nexus  
  141  14:49  Phoenix  
  141  14:52  Phoenix  
  145  14:55  Carrier  
  151  15:02  Nexus  
  151  15:04  Pylon  
  151  15:08  Pylon  
  151  15:14  Phoenix  
  105  15:44  Carrier  
  105  15:49  Carrier x2  
  121  15:57  Assimilator  
  121  15:58  Protoss Air Weapons Level 2 (Chrono Boost)  
  121  15:59  Oracle  
  121  16:00  Assimilator x2  
  124  16:04  Assimilator  
  124  16:05  Photon Cannon  
  124  16:09  Photon Cannon  
  112  16:12  Shield Battery  
  110  16:39  Probe  
  98  16:51  Carrier x2  
  98  16:52  Probe  
  98  16:53  Carrier  
  114  17:04  Probe  
  114  17:07  Photon Cannon  
  115  17:10  Probe, Pylon  
  115  17:14  Carrier  
  122  17:16  Probe  
  122  17:20  Observer  
  122  17:22  Probe  
  125  17:28  Probe  
  126  17:34  Probe  
  124  17:40  Probe  
  125  17:46  Probe  
  126  17:52  Probe  
  126  17:57  Photon Cannon  
  126  17:58  Probe, Shield Battery  
  128  18:04  Probe  
  129  18:10  Probe  
  130  18:14  Photon Cannon  
  130  18:15  Photon Cannon  
  130  18:16  Probe  
  130  18:19  Carrier  
  143  18:20  Carrier  
  143  18:22  Probe  
  144  18:28  Protoss Air Armor Level 3, Probe  
  145  18:34  Probe  
  146  18:53  Carrier x2  
  158  18:56  Probe x2  
  160  19:08  Probe  
  160  19:09  Probe  
  162  19:20  Probe, Nexus  
  162  19:21  Probe  
  162  19:24  Carrier  
  170  19:33  Probe x2  
  172  19:42  Carrier  
  178  19:57  Tempest  
  183  20:04  Shield Battery  
  183  20:05  Shield Battery  
  183  20:07  Pylon  
  183  20:08  Photon Cannon  
  183  20:15  Probe  
  185  20:28  Probe  
  185  20:40  Probe  
  185  20:52  Probe  
  199  21:04  Probe  
Show
View Real Time Build Order
Export as new Build Order

catnip Zerg 

Build Orders: Pool First, Ravager All-In 

Get SALT Encoding   

  12  0:17  Spawning Pool  
  11  0:22  Drone  
  11  0:26  Drone  
  13  0:30  Drone  
  13  0:34  Extractor  
  13  0:38  Drone  
  14  0:42  Extractor  
  13  0:50  Overlord  
  13  1:06  Zergling x2  
  13  1:11  Roach Warren  
  13  1:51  Roach x2  
  13  1:52  Roach  
  19  2:06  Overlord  
  19  2:12  Ravager x3  
  22  2:26  Roach  
  24  2:40  Roach  
  25  2:49  Ravager  
  26  3:23  Overlord  
  26  3:56  Hatchery  
  22  4:11  Drone x3  
  25  4:22  Drone  
  26  4:29  Metabolic Boost  
  26  4:40  Ravager  
  27  4:54  Drone x3  
  27  4:57  Spore Crawler  
  28  5:23  Queen  
  30  5:29  Hatchery  
  30  5:31  Drone  
  30  5:42  Queen  
  32  5:43  Drone x2  
  32  5:48  Drone  
  35  5:51  Drone  
  36  6:05  Overlord  
  36  6:23  Drone x4  
  36  6:24  Drone x2  
  42  6:30  Queen  
  44  6:34  Overlord  
  44  6:41  Spore Crawler  
  44  6:43  Drone x4  
  44  6:44  Drone  
  48  6:52  Drone x2  
  50  6:54  Overlord  
  50  6:55  Drone  
  50  6:57  Drone  
  52  7:03  Drone x3  
  55  7:12  Extractor x2  
  55  7:14  Lair  
  53  7:18  Drone x4  
  53  7:21  Spore Crawler  
  56  7:32  Zergling x2, Baneling Nest  
  56  7:33  Zergling x10  
  61  7:41  Drone x5  
  66  8:02  Overlord  
  66  8:03  Spore Crawler  
  66  8:04  Drone  
  66  8:17  Overlord x2  
  66  8:19  Queen  
  64  8:27  Pneumatized Carapace  
  64  8:31  Spire  
  63  8:35  Drone  
  63  8:36  Drone x10  
  63  8:41  Extractor  
  73  8:43  Extractor  
  70  9:04  Drone  
  70  9:05  Drone x6  
  77  9:16  Zergling x10  
  77  9:17  Zergling x2  
  83  9:30  Hatchery  
  82  9:42  Drone x5, Overlord  
  82  9:43  Overlord x3  
  87  9:50  Overseer x2  
  87  9:53  Mutalisk  
  87  9:57  Overlord  
  87  9:58  Overlord  
  89  10:01  Overlord  
  89  10:02  Mutalisk x8  
  105  10:18  Mutalisk x4  
  113  10:40  Zergling x2  
  113  10:41  Zergling x14  
  97  11:16  Mutalisk x9  
  113  11:32  Extractor, Overlord x3  
  112  11:42  Overlord x3  
  112  11:50  Queen  
  114  12:01  Hatchery  
  114  12:08  Overseer  
  113  12:16  Hatchery  
  104  12:36  Zergling x6  
  104  12:37  Zergling x26  
  120  12:53  Mutalisk x2  
  120  12:54  Mutalisk x3  
  120  12:57  Baneling  
  120  12:58  Baneling x15  
  130  13:00  Centrifical Hooks  
  130  13:06  Overseer  
  130  13:11  Zerg Flyer Armor Level 1  
  130  13:16  Evolution Chamber  
  130  13:17  Queen  
  130  13:19  Drone x7, Evolution Chamber  
  138  13:20  Drone x4  
  138  13:21  Drone  
  142  13:28  Queen  
  144  13:37  Overlord x2  
  144  13:42  Infestation Pit  
  144  13:43  Zerg Melee Weapons Level 1  
  144  13:45  Mutalisk x2  
  144  13:46  Mutalisk x3  
  141  14:04  Baneling  
  141  14:05  Baneling x8  
  141  14:06  Baneling  
  141  14:08  Baneling x6  
  135  14:38  Hive  
  135  14:43  Zergling x2  
  135  14:44  Zergling x40  
  156  14:49  Baneling  
  156  14:50  Baneling x5  
  153  15:11  Baneling  
  153  15:12  Baneling x7  
  96  15:49  Zerg Melee Weapons Level 2  
  95  15:50  Zerg Ground Armor Level 1  
  95  15:52  Ultralisk Cavern  
  92  16:14  Extractor  
  92  16:15  Zergling x2  
  92  16:16  Zergling x40  
  92  16:17  Extractor, Zergling x8  
  87  17:10  Chitinous Plating  
  87  17:12  Ultralisk x10  
  147  17:17  Overlord x4  
  127  17:42  Queen  
  129  17:47  Drone x7  
  129  17:48  Spore Crawler  
  129  17:49  Spore Crawler x2  
  129  17:50  Spore Crawler x2  
  131  17:52  Zerg Ground Armor Level 2  
  131  17:55  Zergling x26  
  131  17:56  Zergling x18  
  153  18:05  Zerg Melee Weapons Level 3  
  153  18:07  Adrenal Glands  
  153  18:22  Spore Crawler x2  
  153  18:24  Spore Crawler  
  153  18:25  Spore Crawler  
  153  18:26  Spore Crawler  
  147  18:31  Baneling  
  147  18:32  Baneling x15  
  147  18:33  Baneling x3  
  147  18:40  Drone x5  
  152  19:03  Baneling x3  
  152  19:04  Baneling x3  
  83  19:45  Corruptor  
  83  19:46  Corruptor x16  
  104  20:27  Corruptor  
  104  20:28  Corruptor x7  
Show
View Real Time Build Order
Export as new Build Order

XxFETTESAUxX Terran 

Build Orders: Reaper Expand 

Get SALT Encoding   

  12  0:00  SCV  
  13  0:12  SCV  
  14  0:17  Supply Depot  
  14  0:25  SCV  
  15  0:39  SCV  
  15  0:41  Barracks  
  16  0:46  Refinery  
  16  0:51  SCV  
  17  1:03  SCV  
  18  1:15  SCV  
  19  1:28  Reaper  
  20  1:33  Orbital Command  
  20  1:41  Command Center  
  20  1:52  Barracks  
  20  1:59  SCV  
  21  2:01  Refinery  
  21  2:05  Barracks Reactor  
  21  2:16  SCV  
  21  2:21  Supply Depot  
  22  2:26  Factory  
  22  2:36  SCV  
  23  2:43  Barracks Tech Lab  
  23  2:44  Marine x2  
  25  2:55  Orbital Command  
  25  2:58  SCV  
  26  3:05  Marine x2  
  28  3:06  Marine  
  28  3:11  Stimpack  
  29  3:15  SCV  
  29  3:19  Starport  
  30  3:23  Marine x2  
  30  3:26  Factory Reactor  
  32  3:40  SCV x2, Marine x2  
  36  3:50  Marine  
  36  3:52  SCV x2  
  39  3:59  Marine  
  40  4:03  Supply Depot  
  40  4:07  SCV  
  40  4:08  SCV  
  42  4:13  Medivac x2  
  42  4:14  Barracks  
  42  4:15  Barracks  
  46  4:24  SCV, Marine x3  
  50  4:40  SCV x2  
  50  4:42  Refinery, Marine  
  50  4:43  Factory Tech Lab  
  53  4:52  Medivac x2  
  53  4:53  Supply Depot  
  53  4:54  Supply Depot  
  53  4:55  SCV x2, Marine x2  
  61  5:02  Marine  
  62  5:09  Barracks Reactor x2  
  62  5:14  Marine x2  
  62  5:15  SCV x2  
  62  5:16  Supply Depot  
  65  5:31  Marine  
  65  5:32  Marine  
  64  5:38  Marine  
  64  5:39  SCV x2  
  65  5:49  Marine  
  65  5:52  Engineering Bay  
  65  5:55  Marine x2  
  65  5:56  Marine x2  
  68  6:02  Marauder, Marine  
  71  6:04  Viking  
  71  6:08  Refinery  
  73  6:22  Marine x5  
  66  6:36  Marine x2  
  66  6:37  SCV  
  66  6:39  SCV  
  63  6:45  Terran Infantry Weapons Level 1  
  63  6:49  Engineering Bay  
  63  6:50  Missile Turret  
  63  6:55  SCV, Missile Turret  
  63  6:58  Medivac  
  63  7:00  Marine  
  67  7:03  Combat Shield  
  67  7:04  Marine  
  68  7:19  Terran Infantry Armor Level 1  
  68  7:20  SCV x2  
  68  7:21  Marine x5  
  75  7:22  Marine  
  75  7:29  Marine, Supply Depot  
  77  7:40  SCV  
  77  7:43  Marine x2  
  77  7:44  Marine  
  80  7:53  Marine x4  
  80  7:55  SCV x2  
  86  8:00  Command Center  
  86  8:02  Marine  
  86  8:03  Medivac  
  86  8:04  Marine  
  90  8:08  Marine  
  90  8:12  Marine x4  
  93  8:19  Marine  
  82  8:43  Marine x2  
  82  8:44  Marine x5  
  89  8:50  Barracks x2  
  89  8:51  Siege Tank  
  89  8:52  Medivac  
  89  8:53  Barracks, Medivac  
  96  9:01  Marine x2  
  98  9:12  Armory  
  98  9:14  Missile Turret  
  98  9:16  Marine x5  
  103  9:18  Orbital Command  
  103  9:19  Marine  
  104  9:25  SCV x2  
  104  9:37  SCV  
  104  9:42  Marine x2  
  104  9:45  Orbital Command, Medivac x2  
  109  9:46  Marine x6  
  109  9:47  Marine x2  
  106  10:00  Marine  
  107  10:22  Marine  
  107  10:23  Marine x6  
  107  10:25  Barracks Tech Lab  
  107  10:27  Barracks Reactor  
  114  10:29  Terran Infantry Armor Level 2  
  114  10:30  Terran Infantry Weapons Level 2  
  114  10:32  SCV x3, Barracks  
  117  10:40  Supply Depot  
  117  10:43  Supply Depot  
  117  10:45  SCV x2, Marine x3  
  117  10:46  Marauder  
  124  10:59  Medivac  
  80  11:20  Marine x2  
  80  11:21  Marine x7  
  80  11:22  Marine x2  
  80  11:24  Barracks Reactor  
  80  11:25  Terran Vehicle Weapons Level 1  
  91  11:28  Supply Depot  
  91  11:29  SCV  
  91  11:30  SCV x2  
  94  11:36  Refinery  
  94  11:37  Refinery  
  94  11:38  Marine x2  
  94  11:39  Missile Turret  
  96  11:40  Marine x4, Missile Turret  
  96  11:42  SCV  
  100  11:52  Marine x4  
  100  11:53  Marine  
  100  11:56  Marine x2  
  100  11:58  Marine x3  
  101  12:03  SCV x2  
  101  12:04  SCV  
  101  12:06  Marine  
  105  12:15  SCV  
  105  12:16  SCV  
  105  12:18  Siege Tank  
  105  12:21  Marine x3, Medivac x2  
  105  12:22  Marine x4  
  121  12:24  Marine  
  121  12:27  Marine x2  
  121  12:28  Marine x2  
  126  12:32  Marine  
  127  12:39  Marine x4  
  131  12:45  Marine x2  
  131  12:46  Starport x2  
  131  12:47  Terran Infantry Weapons Level 3, Terran Infantry Armor Level 3  
  131  12:48  SCV x3  
  136  12:57  Command Center x2  
  136  12:59  Factory, Marine x7  
  136  13:00  SCV  
  136  13:02  Viking  
  136  13:03  Viking  
  148  13:12  Supply Depot  
  148  13:13  Supply Depot  
  148  13:14  Supply Depot  
  148  13:34  Marine, Medivac x4, Supply Depot  
  156  13:35  Marine x8, Siege Tank  
  162  14:07  Siege Tank  
  141  14:12  Orbital Command  
  141  14:13  Marine x4  
  141  14:14  Marine x7  
  141  14:15  Marine  
  153  14:20  Marine  
  153  14:21  Medivac  
  147  14:31  Marine x4  
  147  14:32  Factory Tech Lab, Orbital Command  
  147  14:35  Medivac x3  
  157  14:39  Siege Tank  
  157  14:41  Orbital Command  
  157  14:42  Marine x5  
  165  14:48  SCV  
  165  14:49  SCV  
  165  14:52  Marine x5  
  172  14:55  Medivac  
  172  14:56  Marine  
  173  15:02  Marine x3  
  173  15:04  Marine  
  173  15:05  Medivac  
  179  15:07  Marine  
  151  15:56  Marine x5  
  151  15:57  Marine x2  
  152  16:06  Marine  
  152  16:07  Marine x3  
  152  16:08  Marine x2  
  157  16:14  Marine x4  
  113  16:40  Marine x4  
  113  16:41  Marine x8  
  113  16:42  Marine  
  113  16:44  Starport Reactor x2  
  113  16:45  Medivac x2  
  113  16:46  Siege Tank  
  131  16:58  Marine x2  
  131  17:01  Marine x2  
  133  17:02  Marauder  
  137  17:19  Marine x6  
  137  17:20  Marine x2  
  137  17:21  Marine x4  
  149  17:22  Marine  
  149  17:23  Siege Tank  
  149  17:24  Medivac x2, Siege Tank  
  160  17:37  Marine  
  161  17:45  SCV x2  
  161  17:46  SCV x2  
  161  17:48  Marine  
  161  17:49  Marine x8  
  161  17:50  Marine  
  161  17:51  Medivac x4  
  179  17:52  Marine x2  
  179  17:54  Marine  
  179  17:57  SCV x2  
  188  17:59  Terran Vehicle And Ship Armor Level 1  
  188  18:06  Marine  
  189  18:19  Marine x3  
  127  18:38  Marine x6  
  118  18:44  Marine x6  
  118  18:45  Marine  
  93  18:55  Marine x2  
  93  18:56  Marine x4  
  93  19:02  Marine x3  
  88  19:06  Marine x2  
  89  19:12  Marine x2  
  91  19:28  Orbital Command  
  91  19:29  SCV x3  
  94  19:35  Marine  
  95  19:41  SCV  
  96  19:59  SCV  
  95  20:17  SCV x2  
  95  20:19  SCV  
  98  20:25  Marine  
  98  20:26  Marine x2  
  101  20:30  Marine x2  
  101  20:33  Viking  
Tags
 
Add a new tag
Caveats
  • Supply blocks, unpowered buildings, or Contaminate may cause inaccurate times.
  • Supply counts are checked every 10 seconds.